AoeStats
← javidiazm95

Coastal Forest

503385020Analyzed
2v2 RM · 1mo ago on Aug 31, 2026· 24m 49s· 4 players
Game mode
Random Map
Map size
Medium (4 player)
Population
200
Speed
Normal
Resources
Standard
Victory
Conquest
Starting age
Dark Age
Ending age
Imperial Age
RankedLock teamsTeams togetherTeam positionsShared explorationLock speedFull tech treeHidden civsTurbo modeCheats
Victory
Defeat
🇨🇴 Portuguese · Colombia
953
+12
🇦🇺 Italians · Australia
862
+16
🇷🇴 Hindustanis · Romania
887
-15
🇪🇸 Romans · Spain
852
-13
javidiazm95
0:27 Loom
10:49 Feudal Age
✪Aku
0:36 Loom
12:31 Feudal Age
14:41 Double-Bit Axe
14:53 Gold Mining
16:50 Town Watch
23:24 Castle Age
23:46 Man-at-Arms
Tutmosis
10:31 Feudal Age
16:39 Castle Age
15:12 Double-Bit Axe
16:23 Horse Collar
17:41 Wheelbarrow
18:20 Bow Saw
21:26 Gold Mining
22:17 Hand Cart
Gunna
7:11 Loom
12:10 Feudal Age
13:07 Gold Mining
13:28 Double-Bit Axe
16:52 Scale Barding Armor
22:56 Castle Age
24:10 Bow Saw
24:48 Fishing Lines
Connection lost

Rejoining the realm…

Still unreachable

The connection could not be restored.

Session expired

The server has moved on; the page needs a fresh start.